 Dungeon Crawl Stone Soup version 0.25-a0-460-g4f2eb97ec1 (webtiles) character file.

Game seed: 14949213257621306528, levelgen mode: deterministic

59 ReteAZ the Magician (level 4, -8/32 HPs)
             Began as a Gnoll Wanderer on Feb 3, 2020.
             Killed from afar by Sigmund (11 damage)
             ... with a magic dart
             ... on level 2 of the Dungeon.
             The game lasted 00:03:58 (1810 turns).

ReteAZ the Magician (Gnoll Wanderer)                Turns: 1810, Time: 00:03:59

Health: -8/32      AC:  3    Str: 16    XL:     4   Next: 3%
Magic:  11/13      EV: 11    Int: 14    God:
Gold:   80         SH:  0    Dex: 14    Spells: 16/17 levels left

rFire    . . .     SeeInvis .   e - +0 whip
rCold    . . .     Gourm    .   (no shield)
rNeg     . . .     Faith    .   a - +0 leather armour
rPois    .         Spirit   .   (no helmet)
rElec    .         Reflect  .   (no cloak)
rCorr    .         Harm     .   (no gloves)
MR       .....                  (no boots)
Stlth    ++........             (no amulet)
HPRegen  0.10/turn              (no ring)
MPRegen  0.13/turn              (no ring)

@: no status effects
A: distributed training, fangs 1, strong nose
a: no special abilities


You were on level 2 of the Dungeon.
You were hungry.

You visited 1 branch of the dungeon, and saw 3 of its levels.

You collected 80 gold pieces.

Inventory:

Hand Weapons
 e - a +0 whip (weapon)
Missiles
 h - 56 stones (quivered)
Armour
 a - a +0 leather armour (worn)
 d - a +0 robe
Scrolls
 b - a scroll of identify {unknown}
 c - a scroll of random uselessness {unknown}
 g - a scroll of enchant armour {unknown}
 j - a scroll of amnesia {unknown}
Comestibles
 f - 5 rations
 i - 4 chunks of flesh


   Skills:
 + Level 1.0 Fighting
 + Level 1.0 Short Blades
 + Level 1.0 Long Blades
 + Level 1.0 Axes
 + Level 1.0 Maces & Flails
 + Level 1.0 Polearms
 + Level 1.0 Staves
 + Level 1.0 Slings
 + Level 1.0 Bows
 + Level 1.0 Crossbows
 + Level 2.7 Throwing
 + Level 1.0 Armour
 + Level 1.0 Dodging
 + Level 2.5 Stealth
 + Level 1.0 Shields
 + Level 1.0 Unarmed Combat
 + Level 7.2 Spellcasting
 + Level 0.7 Conjurations
 + Level 0.7 Hexes
 + Level 0.7 Charms
 + Level 7.1 Summonings
 + Level 0.7 Necromancy
 + Level 0.7 Translocations
 + Level 2.2 Transmutations
 + Level 0.7 Fire Magic
 + Level 0.7 Ice Magic
 + Level 0.7 Air Magic
 + Level 0.7 Earth Magic
 + Level 0.7 Poison Magic
 + Level 1.1 Invocations
 + Level 1.0 Evocations


You had 16 spell levels left.
You knew the following spells:

 Your Spells              Type           Power        Failure   Level  Hunger
a - Sting                 Tmut/Pois      #...         10%         1    None

Your spell library contained the following spells:

 Spells                   Type           Power        Failure   Level  Hunger
 Call Imp                 Summ           ####....     1%          2    None
 Magic Dart               Conj           #...         13%         1    None
 Shock                    Conj/Air       #...         13%         1    None
 Blink                    Tloc           N/A          19%         2    None
 Slow                     Hex            #.......     19%         2    None
 Ignite Poison            Fire/Tmut/Pois #.......     30%         3    ##.....
 Conjure Flame            Conj/Fire      #.......     36%         3    ##.....
 Mephitic Cloud           Conj/Pois/Air  #.......     36%         3    ##.....


Dungeon Overview and Level Annotations

Branches:
Dungeon (3/15)

Altars:

Annotations:
D:2 Sigmund


Innate Abilities, Weirdness & Mutations

Your experience applies equally to all skills.
You have very sharp teeth.
Your uncanny sense of smell can sniff out nearby items.


Message History

Something hits you but does no damage. The orc closely misses you.
You hit something but do no damage. Your bite misses something.
Something hits you. The orc misses you.
You closely miss something. Something hits you. The orc barely misses you.
You closely miss something. The orc hits you but does no damage.
You hear some strange, mumbled words.
A puff of flame appears from out of thin air!
The puff of flame misses you. The orc hits you with a +0 short sword.
* * * LOW HITPOINT WARNING * * *
There is a stone staircase leading up here.
Something hits you.
* * * LOW HITPOINT WARNING * * *
The orc barely misses you.
You climb upwards.
Level annotation: Sigmund Reactivating autopickup.
Sigmund points at you and mumbles some strange words.
The magic dart hits you!
You die...

#..........#.....##........
#.............)............
#..........###....#........
###..........###....#........
#............#.l....#........
#............#......#........
#............#......#........
#............#@.....#........
#...........@................
#..........oK...........#####
#.......................#
########.)..................#
<...........................#
#######.....................#
#.................(####
#..................######.
#.........................


You could see Sigmund, an orc and a kobold.

Vanquished Creatures
  3 adders (D:2)
  2 leopard geckos
  An orc (D:3)
  2 giant cockroaches (D:2)
  2 goblins
  4 hobgoblins
  2 jackals (D:1)
  5 bats
  2 frilled lizards
  5 kobolds
  A rat (D:1)
29 creatures vanquished.

Notes
Turn   | Place    | Note
-------+----------+-------------------------------------------
     0 | D:1      | ReteAZ the Gnoll Wanderer began the quest for the Orb.
     0 | D:1      | ReteAZ set off with the following items: a +0 club, a +0
                  | robe, a ration; and the following spells available to
                  | memorise: Call Imp, Sting, Magic Dart, Shock, Blink, Slow,
                  | Ignite Poison, Conjure Flame, Mephitic Cloud
     0 | D:1      | Reached XP level 1. HP: 13/13 MP: 8/8
   420 | D:1      | Reached XP level 2. HP: 10/19 MP: 10/10
   602 | D:1      | Learned a level 1 spell: Sting
  1106 | D:2      | Reached XP level 3. HP: 25/25 MP: 11/11
  1338 | D:2      | Reached skill level 1 in Invocations
  1701 | D:2      | Reached skill level 1 in Fighting
  1701 | D:2      | Reached skill level 1 in Short Blades
  1701 | D:2      | Reached skill level 1 in Long Blades
  1701 | D:2      | Reached skill level 1 in Axes
  1701 | D:2      | Reached skill level 1 in Maces & Flails
  1701 | D:2      | Reached skill level 1 in Polearms
  1701 | D:2      | Reached skill level 1 in Staves
  1701 | D:2      | Reached skill level 1 in Slings
  1701 | D:2      | Reached skill level 1 in Bows
  1701 | D:2      | Reached skill level 1 in Crossbows
  1701 | D:2      | Reached skill level 1 in Armour
  1701 | D:2      | Reached skill level 1 in Dodging
  1701 | D:2      | Reached skill level 1 in Shields
  1701 | D:2      | Reached skill level 1 in Unarmed Combat
  1701 | D:2      | Reached skill level 1 in Evocations
  1732 | D:2      | Noticed Sigmund
  1775 | D:3      | Reached XP level 4. HP: 30/32 MP: 11/13
  1810 | D:2      | Killed from afar by Sigmund

Levels and vault maps discovered:
D:1:      dpeg_arrival_refuge, layout_basic
D:2:      layout_basic, lemuel_coloured_pillars_altar, uniq_sigmund
D:3:      layout_loops_cross, nicolae_overflow_crystal_walls, hex_tiny,
          tgw_kikubaaqudgha

Skill      XL: |  1  2  3 |
---------------+----------+-----
Transmutations | 2 |  2.2
Invocations    | 1 |  1.1
Fighting       | 1 |  1.0
Short Blades   | 1 |  1.0
Long Blades    | 1 |  1.0
Axes           | 1 |  1.0
Maces & Flails | 1 |  1.0
Polearms       | 1 |  1.0
Staves         | 1 |  1.0
Slings         | 1 |  1.0
Bows           | 1 |  1.0
Crossbows      | 1 |  1.0
Armour         | 1 |  1.0
Dodging        | 1 |  1.0
Shields        | 1 |  1.0
Unarmed Combat | 1 |  1.0
Evocations     | 1 |  1.0
Throwing       | |  2.7
Stealth        | |  2.5
Spellcasting   | |  7.2
Conjurations   | |  0.7
Hexes          | |  0.7
Charms         | |  0.7
Summonings     | |  7.1
Necromancy     | |  0.7
Translocations | |  0.7
Fire Magic     | |  0.7
Ice Magic      | |  0.7
Air Magic      | |  0.7
Earth Magic    | |  0.7
Poison Magic   | |  0.7

Action                   |  1- 3 |  4- 6 || total
-------------------------+-------+-------++-------
Melee: Whip              |    48 |    10 ||    58
       Club              |    13 |       ||    13
       Bite              |     8 |       ||     8
 Cast: Sting             |    17 |     4 ||    21
 Stab: Sleeping          |     4 |       ||     4
  Eat: Chunk             |     2 |       ||     2
Armor: Robe              |     6 |       ||     6
       Leather armour    |     5 |     2 ||     7
Dodge: Dodged            |    40 |     7 ||    47

Table legend:
 A = Non-vault XP
 B = Vault XP
 C = Vault XP percentage of total XP
 D = Non-vault monster count
 E = Vault monster count
 F = Vault count percentage of total count
                 A         B        C        D         E       F
            +---------+---------+-------+---------+---------+-------
      Total |      85 |       0 |   0.0 |      29 |       0 |   0.0
            +---------+---------+-------+---------+---------+-------
        D:1 |      20 |       0 |   0.0 |      12 |       0 |   0.0
        D:2 |      60 |       0 |   0.0 |      15 |       0 |   0.0
        D:3 |       5 |       0 |   0.0 |       2 |       0 |   0.0
            +---------+---------+-------+---------+---------+-------
